Map: Inside and Out

Players

Cognite

  • Race: Protoss Protoss
  • Spawn Location: 7:00

FoxeR - Winner!

  • Race: Terran Terran
  • Spawn Location: 1:00

Event: DreamHack SC2 Masters 2022 Atlanta (Offline)

VOD

Have the link to the VOD?

Description

Time

  • Played on: Nov. 18, 2022, 1:26 p.m.
  • Length: 7:07

All games in this series

Show
View Real Time Build Order
Export as new Build Order

Cognite Protoss 

Build Orders: 1 Gate Expand 

Get SALT Encoding   

  12  0:00  Probe  
  13  0:12  Probe  
  14  0:17  Pylon  
  14  0:24  Probe (Chrono Boost)  
  15  0:37  Probe (Chrono Boost), Gateway  
  16  0:44  Probe (Chrono Boost)  
  16  0:46  Assimilator  
  17  0:51  Probe  
  18  1:03  Probe  
  19  1:15  Probe  
  20  1:25  Cybernetics Core  
  20  1:35  Nexus  
  20  1:37  Probe  
  21  1:43  Pylon  
  21  1:49  Probe  
  21  1:52  Assimilator  
  22  1:59  Adept (Chrono Boost)  
  22  2:02  Warp Gate, Probe  
  25  2:14  Probe  
  26  2:20  Stalker (Chrono Boost)  
  28  2:26  Probe  
  29  2:38  Probe (Chrono Boost)  
  30  2:51  Probe (Chrono Boost)  
  31  2:55  Gateway  
  31  2:57  Robotics Facility  
  31  3:03  Shield Battery  
  31  3:05  Probe  
  32  3:07  Probe, Stalker  
  35  3:16  Pylon  
  35  3:17  Probe  
  35  3:19  Probe  
  37  3:29  Twilight Council, Probe  
  37  3:31  Probe  
  39  3:41  Probe  
  36  3:50  Probe (Chrono Boost)  
  36  3:53  Probe (Chrono Boost)  
  35  3:57  Observer, Stalker  
  35  4:00  Sentry  
  42  4:03  Probe (Chrono Boost)  
  42  4:04  Probe (Chrono Boost)  
  42  4:08  Probe (Chrono Boost)  
  42  4:12  Probe  
  44  4:20  Probe  
  44  4:24  Probe  
  46  4:28  Nexus  
  46  4:32  Pylon  
  46  4:33  Probe  
  46  4:36  Probe  
  48  4:44  Charge (Chrono Boost)  
  48  4:45  Probe  
  49  4:46  Observer  
  49  4:48  Probe  
  50  4:57  Probe  
  51  5:00  Probe  
  51  5:05  Gateway x2, Pylon  
  52  5:09  Probe  
  52  5:12  Probe  
  52  5:13  Immortal (Chrono Boost)  
  54  5:19  Pylon  
  58  5:21  Probe  
  60  5:28  Probe  
  60  5:29  Zealot x2  
  60  5:33  Shield Battery, Probe  
  65  5:37  Pylon  
  65  5:40  Probe  
  66  5:43  Shield Battery  
  65  5:50  Zealot, Sentry  
  61  6:02  Immortal (Chrono Boost), Gateway  
  57  6:04  Stalker  
  57  6:06  Gateway  
  57  6:10  Zealot  
  57  6:14  Zealot  
  57  6:15  Zealot  
  61  6:26  Pylon  
  61  6:30  Zealot x2  
  59  6:35  Zealot x2  
  59  6:39  Zealot  
  55  6:43  Pylon  
  55  6:46  Gateway  
  59  6:47  Pylon  
  53  6:55  Stalker x2  
  53  6:57  Stalker  
  59  7:04  Shield Battery  
Show
View Real Time Build Order
Export as new Build Order

FoxeR Terran - Winner!

Build Orders:  

Get SALT Encoding   

  12  0:00  SCV  
  13  0:12  SCV  
  14  0:17  Supply Depot  
  14  0:24  SCV  
  15  0:38  SCV  
  15  0:39  Barracks  
  16  0:43  Refinery  
  16  0:50  SCV  
  16  0:53  Refinery  
  17  1:02  SCV  
  18  1:15  SCV  
  19  1:27  Reaper, Orbital Command  
  19  1:28  Supply Depot  
  20  1:41  Factory  
  20  1:53  SCV  
  21  1:59  Barracks Reactor  
  21  2:05  SCV  
  22  2:17  SCV  
  22  2:19  Command Center  
  23  2:25  Hellion  
  23  2:29  SCV  
  26  2:36  Reaper x2  
  28  2:39  Supply Depot  
  28  2:42  SCV  
  29  2:47  Hellion  
  31  3:01  SCV  
  31  3:03  Barracks  
  32  3:09  Factory Tech Lab  
  32  3:10  Barracks  
  32  3:13  SCV  
  32  3:15  Marine  
  32  3:16  Marine  
  35  3:25  SCV  
  36  3:29  Siege Tank  
  36  3:33  Marine  
  41  3:37  Orbital Command  
  41  3:39  SCV  
  39  3:48  Marine  
  39  3:52  Barracks Tech Lab  
  39  3:53  SCV  
  36  3:58  Marine  
  36  3:59  Barracks Tech Lab  
  36  4:01  Siege Tank  
  41  4:02  SCV  
  41  4:05  SCV  
  42  4:11  Marine x2  
  42  4:13  Stimpack  
  42  4:16  SCV, Marine  
  46  4:17  SCV  
  46  4:19  Combat Shield  
  46  4:24  Marine  
  48  4:27  Supply Depot  
  48  4:29  Marine x2  
  51  4:36  Siege Tank  
  51  4:38  Marine  
  53  4:41  Engineering Bay  
  54  4:48  Marine x3  
  54  4:49  SCV x2  
  54  4:50  Supply Depot  
  54  4:51  Supply Depot  
  59  5:01  SCV x2  
  59  5:05  Marine  
  62  5:11  Marine  
  62  5:13  SCV x2  
  65  5:14  Refinery, Starport  
  65  5:16  Marine  
  65  5:18  Marauder  
  68  5:25  SCV x2  
  68  5:27  Supply Depot  
  70  5:30  Siege Tank  
  70  5:35  Marauder  
  75  5:36  Marine  
  75  5:37  SCV x2  
  75  5:38  Marine  
  78  5:49  Marauder  
  79  5:52  Starport Reactor  
  79  5:56  Marauder  
  77  6:01  SCV  
  77  6:03  Supply Depot, Refinery  
  78  6:05  SCV  
  78  6:10  Marauder  
  81  6:13  SCV, Marine x2  
  81  6:17  SCV  
  85  6:24  Marauder  
  87  6:32  Marine x2  
  81  6:33  SCV  
  81  6:34  Medivac  
  81  6:35  SCV, Medivac  
  88  6:42  Bunker  
  88  6:45  SCV  
  90  6:48  Bunker  
  90  6:55  SCV  
Tags
 
Add a new tag
Caveats
  • Supply blocks, unpowered buildings, or Contaminate may cause inaccurate times.
  • Supply counts are checked every 10 seconds.